AoeStats
← Neat

Four Lakes

509819943Analyzed
1v1 RM · 6d ago on Sep 28, 2026· 35m 34s· 2 players
Game mode
Random Map
Map size
Tiny (2 player)
Population
200
Speed
Normal
Resources
Standard
Victory
Conquest
Starting age
Dark Age
Ending age
Imperial Age
RankedLock teamsTeams togetherTeam positionsShared explorationLock speedFull tech treeHidden civsTurbo modeCheats
Victory
Defeat
🇳🇱 Japanese · Netherlands
992
+16
🇦🇷 Portuguese · Argentina
1000
-16
HalidBinVelid
12:33 Feudal Age
10:51 Loom
12:37 Feudal Age
13:13 Man-at-Arms
14:36 Horse Collar
14:41 Double-Bit Axe
17:58 Castle Age
16:21 Fletching
20:52 Wheelbarrow
20:17 Bodkin Arrow
21:17 Elite Skirmisher
31:25 Imperial Age
31:23 Redemption
32:25 Thumb Ring
32:23 Bracer
34:01 Hand Cart
34:17 Scale Barding Armor
35:38 Bloodlines
35:02 Long Swordsman
35:28 Gambesons
Neat
9:56 Feudal Age
8:13 Loom
13:41 Castle Age
31:24 Fervor
31:16 Atonement
31:39 Sanctity
31:26 Devotion
32:24 Double-Bit Axe
Connection lost

Rejoining the realm…

Still unreachable

The connection could not be restored.

Session expired

The server has moved on; the page needs a fresh start.